 Dungeon Crawl Stone Soup version 0.29.1-13-g9f3cf754e1 (webtiles) character file.

Game seed: 11810791646224847745

177144 Exodus22XD the Impaler (level 17, -2/163 HPs)
             Began as a Minotaur Fighter on Feb 3, 2023.
             Was the Champion of the Shining One.
             Slain by a swamp dragon (14 damage)
             ... on level 4 of the Swamp.
             The game lasted 01:27:38 (31962 turns).

Exodus22XD the Impaler (Minotaur Fighter)          Turns: 31962, Time: 01:27:39

Health: -2/163     AC:  6    Str: 30    XL:     17   Next: 53%
Magic:  28/36      EV: 10    Int:  4    God:    the Shining One [******]
Gold:   2683       SH:  8    Dex: 12    Spells: 16/16 levels left

rFire   + + +      SeeInvis .   g - +6 trident of the Pits of Slime {holy, rN+ MP+9 Str+4 Int-5}
rCold   x . .      Faith    .   e - +1 buckler "Ycwon" {-Cast Fly rElec Slay+6}
rNeg    + + +      Spirit   .   l - +3 salamander hide armour {Flames rF++ rC--}
rPois   +          Reflect  .   a - +2 hat {Will+}
rElec   +          Harm     .   A - scarf {rC+ rF+}
rCorr   .          Rampage  .   w - +0 pair of gloves {Str+3}
Will    ++...      NoCast   +   z - +1 pair of boots
Stlth   +.........              h - amulet of regeneration
HPRegen 1.17/turn               B - ring of poison resistance
MPRegen 0.25/turn               F - +4 ring of slaying

@: corroded, flying, glowing, studying Invocations
A: horns 2, retaliatory headbutt
a: Renounce Religion, Divine Shield, Cleansing Flame, Summon Divine Warrior,
Brand Weapon With Holy Wrath


You were on level 4 of the Swamp.
You worshipped the Shining One.
The Shining One was exalted by your worship.
You visited 6 branches of the dungeon, and saw 27 of its levels.
You also visited: Sewer and Ice Cave.

You collected 3242 gold pieces.
You spent 535 gold pieces at shops.
You donated 24 gold pieces to Zin.

Inventory:

Hand Weapons
 g - the +6 trident of the Pits of Slime (weapon) {holy, rN+ MP+9 Str+4 Int-5}
   (You found it on level 6 of the Dungeon)

   It has been blessed by the Shining One to cause great damage to the undead
   and demons.
   Str:       It affects your strength (+4).
   Int:       It affects your intelligence (-5).
   rN:        It protects you from negative energy.
   MP:        It affects your magic capacity (+9).
 I - a +0 broad axe
 V - the +2 battleaxe of Harmony {spect, rF- rN++ Str+5}
   (You found it on level 2 of the Lair of Beasts)

   When its wielder attacks, the weapon's spirit leaps out and strikes again.
   The spirit shares a part of any damage it takes with its wielder.
   Str:       It affects your strength (+5).
   rF:        It makes you vulnerable to fire.
   rN:        It greatly protects you from negative energy.
 Z - a +2 executioner's axe of flaming
Armour
 a - a +2 hat of willpower (worn)
 e - the +1 buckler "Ycwon" (worn) {-Cast Fly rElec Slay+6}
   (You acquired it on level 2 of the Orcish Mines)

   Slay:      It affects your accuracy & damage with ranged weapons and melee
   (+6).
   rElec:     It insulates you from electricity.
   Fly:       It grants you flight.
   -Cast:     It prevents spellcasting.
 j - a +0 cloak of willpower
 l - the +3 salamander hide armour (worn) {Flames rF++ rC--}
   (You found it in an ice cave)

   It surrounds you with a cloud of flames.
   It grants immunity to clouds of flame.
   It enhances your fire magic.
   rF:        It greatly protects you from fire.
   rC:        It makes you very vulnerable to cold.
 u - the +2 buckler "Ugaizuru" {rF+ Dex+4 Slay+5}
   (You found it on level 2 of the Lair of Beasts)

   Dex:       It affects your dexterity (+4).
   Slay:      It affects your accuracy & damage with ranged weapons and melee
   (+5).
   rF:        It protects you from fire.
 w - a +0 pair of gloves of strength (worn)
 z - a +1 pair of boots (worn)
 A - a scarf of resistance (worn)
 E - the +1 tower shield of Cowardice {rF+ rN+ MP+9}
   (You took it off a deep elf high priest on level 3 of the Elven Halls)

   rF:        It protects you from fire.
   rN:        It protects you from negative energy.
   MP:        It affects your magic capacity (+9).
 U - a +4 chain mail of fire resistance
 X - a +1 scale mail of cold resistance
Jewellery
 h - an amulet of regeneration (around neck)
 B - a ring of poison resistance (left hand)
 F - a +4 ring of slaying (right hand)
 K - a ring of willpower
 M - a ring of resist corrosion
 R - a ring of protection from fire
Wands
 k - a wand of mindburst (40)
 C - a wand of acid (41)
 N - a wand of iceblast (9)
Scrolls
 i - 10 scrolls of fog
 m - 6 scrolls of vulnerability
 o - 2 scrolls of enchant armour
 r - 8 scrolls of enchant weapon
 s - 11 scrolls of teleportation
 v - 3 scrolls of brand weapon
 x - 3 scrolls of amnesia {unknown}
 y - 7 scrolls of magic mapping
 O - 2 scrolls of immolation {unknown}
 Q - 3 scrolls of fear
 T - 2 scrolls of blinking
Potions
 b - 2 potions of cancellation
 d - 4 potions of might
 f - 2 potions of ambrosia
 n - 2 potions of berserk rage {unknown}
 p - 2 potions of haste
 q - 9 potions of curing
 t - 7 potions of mutation
 G - 4 potions of flight
 H - 2 potions of brilliance {unknown}
 J - a potion of heal wounds
 L - 2 potions of lignification {unknown}
 P - a potion of resistance {unknown}
 S - a potion of magic {unknown}
 W - 5 potions of attraction {unknown}
Miscellaneous
 D - a phantom mirror


   Skills:
 + Level 18.0 Fighting
 * Level 17.1(20.3) Axes
 + Level 18.4(21.0) Polearms
 + Level 14.4 Armour
 + Level 12.2 Shields
 * Level 15.5 Invocations
 + Level 1.2 Evocations


You had 16 spell levels left.
You didn't know any spells.
Your spell library was empty.

Dungeon Overview and Level Annotations

Branches:
Dungeon (12/15)            Temple (1/1) D:4            Lair (5/5) D:8
  Swamp (4/4) Lair:2       Spider (0/4) Lair:3        Slime (0/5) Lair:5
    Orc (2/2) D:12            Elf (3/3) Orc:2         Sewer (visited)
  IceCv (visited)

Altars:
Ashenzari
Cheibriados
Dithmenos
Elyvilon
Gozag
Hepliaklqana
Kikubaaqudgha
Makhleb
Nemelex Xobeh
Okawaru
Qazlal
Sif Muna
Trog
Uskayaw
Vehumet
Zin
The Shining One
Jiyva

Shops:
D:6 *   D:7 *(   D:12 *   Orc:1 !   Orc:2 *(?!   Elf:2 (   Elf:3 =[

Annotations:
D:8 2 transporters, kalagan's ghost, novice DECj
D:9 2 transporters, MinkTDR's ghost, novice MiFi
Elf:2 1 runed translucent door


Innate Abilities, Weirdness & Mutations

You have a pair of horns on your head.
You reflexively headbutt those who attack you in melee.


Message History

The seven-headed hydra bites you!
* * * LOW HITPOINT WARNING * * *
The seven-headed hydra barely misses you.
The seven-headed hydra bites you but does no damage. x2
The seven-headed hydra bites you!
* * * LOW HITPOINT WARNING * * *
The seven-headed hydra bites you.
* * * LOW HITPOINT WARNING * * *
There is a stone staircase leading up, spattered with blood here.
Activating: Cleansing Flame (1% risk of failure)
Press: ? - help, Dir - look around, f - activate The golden flame engulfs you but does no damage.
The golden flame engulfs the swamp dragon.
The swamp dragon is lightly wounded.
The golden flame engulfs the seven-headed hydra!!!
You kill the seven-headed hydra!
You hear a screech!
You hear a chilling moan.
You hear a deafening roar!
You hear a shout!
A spriggan rider comes into view. It is wielding a +0 spear.
A will-o-the-wisp comes into view.
The swamp dragon is engulfed in blazing flames.
You block the swamp dragon's attack. The swamp dragon completely misses you.
The swamp dragon tramples you but does no damage.
You impale the swamp dragon!!
The swamp dragon is heavily wounded.
The will-o-the-wisp blinks!
The swamp dragon is engulfed in blazing flames.
The swamp dragon bites you!
* * * LOW HITPOINT WARNING * * *
The swamp dragon claws you.
* * * LOW HITPOINT WARNING * * *
The swamp dragon tramples you. The Shining One protects you from harm!
You hold your ground!
You feel better.
The spriggan rider hits you from afar with a +0 spear.
* * * LOW HITPOINT WARNING * * *
The swamp dragon is engulfed in blazing flames.
The swamp dragon bites you!
You die...

.~~~D ♣~~~.
♣♣.~~. ~~~~~
♣.~.♣♣
♣♣♣♣~~§.♣
.....~~†♣♣♣♣♣
).~~§~[†.°○@♣
♣♣♣♣~~~†°iD°♣
♣~~~~~§♣♣♣
♣.~~~~~~~~♣
♣.v~~~~~.♣♣
♣.......~♣
♣♣..[~♣♣♣♣
♣~~♣♣♣ ..♣


You could see a swamp dragon, a spriggan rider and a will-o-the-wisp.

Vanquished Creatures
  A deep elf blademaster (Elf:3)
  2 deep elf master archers (Elf:3)
  Gastronok (Lair:3)
  A fenstrider witch (Swamp:3)
  6 deep elf sorcerers (Elf:3)
  An orc warlord (Elf:3)
  6 deep elf elementalists (Elf:3)
  2 very ugly things (IceCv)
  9 deep elf annihilators (Elf:3)
  4 deep elf demonologists (Elf:3)
  6 eleionomae
  5 bunyips
  A deep elf death mage (Elf:1)
  2 deep elf high priests (Elf:3)
  Harold (D:9)
  A spriggan air mage (Swamp:4)
  A boulder beetle (D:12)
  Erolcha (Orc:1)
  12 hydras
  4 caustic shrike simulacra (IceCv)
  A ghost crab (Swamp:4)
  A two-headed ogre (D:9)
  26 dancing weapons
  6 alligators
  4 orc high priests
  17 deep elf knights
  6 spriggans
  8 goliath frogs
  2 spriggan druids
  2 bog bodies
  4 swamp dragons
  3 bunyip zombies (Swamp:1)
  13 deep elf archers
  2 orange crystal statues (IceCv)
  3 necromancers
  32 deep elf pyromancers
  12 deep elf zephyrmancers
  14 orc knights
  A cyclops (Orc:2)
  4 orc sorcerers
  A manticore (D:9)
  4 elephants (Lair:3)
  4 black mambas
  An unseen horror (D:11)
  15 cane toads
  4 komodo dragons
  3 kobold demonologists (D:12)
  Maggie (D:9)
  5 freezing wraiths (IceCv)
  An anaconda simulacrum (IceCv)
  10 rime drakes
  2 golden dragon simulacra (IceCv)
  A tengu conjurer (D:12)
  A hydra zombie (Swamp:1)
  4 trolls
  15 tyrant leeches
  2 slime creatures (Lair:5)
  5 hornets
  26 blink frogs
  4 shadows
  2 vampires
  A wraith (D:11)
  A dire elephant simulacrum (IceCv)
  3 air elementals
  4 water elementals
  39 yaks
  6 wyverns
  4 fire elementals
  Grum (D:9)
  3 basilisks (Lair:5)
  13 steam dragons
  15 vampire mosquitoes
  5 wargs
  14 swamp worms
  2 harpy simulacra (IceCv)
  2 acid dragons
  2 large abominations (Elf:1)
  17 water moccasins
  Duvessa (D:4)
  A hydra simulacrum (Swamp:1)
  2 swamp drakes (Swamp:1)
  An ice beast (D:8)
  2 sky beasts
  29 orc warriors
  A swamp dragon zombie (Swamp:1)
  An ettin simulacrum (IceCv)
  5 black bears
  8 wolves
  An alligator simulacrum (IceCv)
  2 centaurs
  3 phantoms
  7 ogres
  2 elf zombies (Elf:1)
  6 kobold brigands
  13 bullfrogs
  An earth elemental (Elf:2)
  A necrophage (D:4)
  5 scorpions
  9 wights
  Dowan (D:4)
  3 lindwurm simulacra (IceCv)
  A swamp dragon simulacrum (Swamp:1)
  8 killer bees
  3 electric eels
  3 howler monkeys
  3 gnoll boudas
  6 jellies
  7 hounds
  19 orc priests
  4 iguanas
  19 orc wizards
  7 adders
  18 gnolls
  3 river rats (Sewer)
  A shadow imp (D:7)
  3 white imps
  An ufetubus (D:6)
  6 worms
  5 dart slugs
  49 orcs
  9 bats
  13 endoplasms
  2 giant cockroaches (Sewer)
  8 goblins
  11 hobgoblins
  4 jackals (D:1)
  3 quokkas
  8 ball pythons
  8 frilled lizards
  29 kobolds
  12 rats
  A spectral kobold (D:7)
850 creatures vanquished.

Vanquished Creatures (collateral kills)
  A deep elf blademaster (Elf:2)
1 creature vanquished.

Vanquished Creatures (others)
  38 fungi
  76 plants
114 creatures vanquished.

Grand Total: 965 creatures vanquished

Notes
Turn   | Place    | Note
-------+----------+-------------------------------------------
     0 | D:1      | Exodus22XD the Minotaur Fighter began the quest for the
                  | Orb.
     0 | D:1      | Reached XP level 1. HP: 19/19 MP: 0/0
   132 | D:1      | Reached XP level 2. HP: 27/27 MP: 1/1
   461 | D:1      | Reached XP level 3. HP: 33/33 MP: 2/2
  1963 | D:3      | Reached XP level 4. HP: 30/41 MP: 3/3
  2107 | D:3      | Found a hide-covered altar of Uskayaw.
  2443 | D:3      | Found a sparkling altar of Nemelex Xobeh.
  2561 | D:3      | Found a faded altar of an unknown god.
  2726 | D:3      | Prayed at the altar of an unknown god.
  2726 | D:3      | Became a worshipper of Zin the Law-Giver
  2726 | D:3      | Reached * piety under Zin
  2726 | D:3      | Reached ** piety under Zin
  2782 | D:4      | Reached XP level 5. HP: 47/47 MP: 4/4
  2784 | D:4      | Noticed a phantom
  2801 | D:4      | Killed a phantom
  2802 | D:4      | Reached skill level 5 in Axes
  2802 | D:4      | Reached skill level 5 in Armour
  2814 | D:4      | Found a glowing drain.
  2821 | Sewer    | Entered a sewer
  3104 | Sewer    | Reached XP level 6. HP: 53/53 MP: 5/5
  3205 | Sewer    | Found a viscous altar of Jiyva.
  3365 | Sewer    | Reached skill level 5 in Fighting
  3662 | D:4      | Noticed Duvessa
  3662 | D:4      | Noticed Dowan
  3678 | D:4      | Killed Duvessa
  3679 | D:4      | Reached XP level 7. HP: 43/61 MP: 6/6
  3683 | D:4      | Killed Dowan
  4098 | D:4      | Found a staircase to the Ecumenical Temple.
  4616 | Temple   | Entered the Ecumenical Temple
  4723 | Temple   | Fell from the grace of Zin
  4723 | Temple   | Became a worshipper of the Shining One
  4723 | Temple   | Reached * piety under the Shining One
  4775 | D:5      | Entered Level 5 of the Dungeon
  5022 | D:5      | Reached XP level 8. HP: 70/70 MP: 7/7
  5117 | D:5      | Reached skill level 1 in Invocations
  5133 | D:5      | Reached skill level 5 in Shields
  5719 | D:6      | Found an opulent altar of Gozag.
  5775 | D:6      | Identified the +6 trident of the Pits of Slime {holy, rN+
                  | MP+9 Str+4 Int-5}
  5888 | D:6      | Reached skill level 10 in Axes
  6115 | D:6      | Found Kacsuserong's General Store.
  6138 | D:6      | Bought a scroll of identify for 26 gold pieces
  6148 | D:6      | Reached XP level 9. HP: 79/79 MP: 10/10
  6621 | D:7      | Reached ** piety under the Shining One
  6658 | D:7      | Reached skill level 1 in Polearms
  7030 | D:7      | Noticed an angel
  7035 | D:7      | Found Qyosehas's Hallowed Reliquary.
  7108 | D:7      | Found a shimmering blue altar of Sif Muna.
  7108 | D:7      | Found an ancient bone altar of Kikubaaqudgha.
  7344 | D:7      | Found a hazy altar of Hepliaklqana.
  7483 | D:7      | Reached skill level 5 in Polearms
  7617 | D:7      | Found Kecvesta's Weapon Shoppe.
  7944 | D:8      | Noticed kalagan's ghost (novice DECj)
  7944 | D:8      | Noticed a moth of wrath
  7946 | D:8      | Found a bloodstained altar of Trog.
  7947 | D:8      | Noticed a two-headed ogre
  7953 | D:8      | Found a transporter.
  7956 | D:8      | Found a transporter.
  8026 | D:8      | Reached XP level 10. HP: 88/88 MP: 12/12
  8041 | D:8      | Reached skill level 5 in Invocations
  8481 | D:8      | Reached *** piety under the Shining One
  8709 | D:8      | Found a staircase to the Lair.
  8824 | D:9      | Noticed a two-headed ogre
  8838 | D:9      | Killed a two-headed ogre
  9217 | D:9      | Noticed Maggie
  9227 | D:9      | Killed Maggie
  9445 | D:9      | Noticed Grum
  9460 | D:9      | Killed Grum
  9564 | D:9      | Noticed MinkTDR's ghost (novice MiFi)
  9565 | D:9      | Noticed a moth of wrath
  9573 | D:9      | Found a transporter.
  9593 | D:9      | Found a transporter.
  9601 | D:9      | Reached **** piety under the Shining One
  9634 | D:9      | Noticed Harold
  9634 | D:9      | Noticed a manticore
  9645 | D:9      | Killed a manticore
  9646 | D:9      | Reached XP level 11. HP: 72/95 MP: 14/14
  9653 | D:9      | Killed Harold
 10114 | D:10     | Entered Level 10 of the Dungeon
 10128 | D:10     | Found a shadowy altar of Dithmenos.
 10129 | D:10     | Found a white marble altar of Elyvilon.
 10130 | D:10     | Found a snail-covered altar of Cheibriados.
 10153 | D:10     | Reached skill level 10 in Polearms
 11256 | D:11     | Noticed an eight-headed hydra
 11262 | D:11     | Killed an eight-headed hydra
 12033 | Lair:1   | Entered Level 1 of the Lair of Beasts
 12418 | Lair:1   | Reached skill level 10 in Fighting
 12429 | Lair:1   | Reached skill level 10 in Armour
 12632 | Lair:1   | Reached ***** piety under the Shining One
 12658 | Lair:1   | Reached XP level 12. HP: 101/106 MP: 16/16
 13169 | Lair:2   | Found a staircase to the Swamp.
 13268 | Lair:2   | Noticed a four-headed hydra
 13307 | Lair:2   | Killed a four-headed hydra
 13768 | Lair:2   | Noticed a seven-headed hydra
 13776 | Lair:2   | Killed a seven-headed hydra
 14801 | Lair:2   | Identified the +2 buckler "Ugaizuru" {rF+ Dex+4 Slay+5}
 15470 | Lair:2   | Identified the +2 battleaxe of Harmony {spect, rF- rN++
                  | Str+5}
 15866 | Lair:3   | Noticed Gastronok
 15875 | Lair:3   | Killed Gastronok
 16038 | Lair:3   | Found a hole to the Spider Nest.
 16253 | Lair:4   | Reached XP level 13. HP: 94/116 MP: 18/18
 16882 | Lair:4   | Found a bloodstained altar of Trog.
 17865 | Lair:5   | Entered Level 5 of the Lair of Beasts
 19215 | Lair:5   | Found a viscous altar of Jiyva.
 19215 | Lair:5   | Found a staircase to the Slime Pits.
 20327 | D:12     | Found the +0 staff of Battle
 20428 | D:12     | Found Ilimiunax's Assorted Antiques.
 20592 | D:12     | Reached ****** piety under the Shining One
 20910 | D:12     | Reached skill level 10 in Invocations
 21027 | D:12     | Reached XP level 14. HP: 76/127 MP: 20/20
 21301 | D:12     | Found a staircase to the Orcish Mines.
 21323 | Orc:1    | Entered Level 1 of the Orcish Mines
 21340 | Orc:1    | Found Peihobufi's Distillery.
 21518 | Orc:1    | Noticed Erolcha
 21522 | Orc:1    | Killed Erolcha
 21970 | Orc:2    | Entered Level 2 of the Orcish Mines
 22665 | Orc:2    | Paralysed by an orc sorcerer for 2 turns
 22973 | Orc:2    | Found Wecef's General Store.
 22973 | Orc:2    | Found Uganyrr's Distillery.
 22975 | Orc:2    | Found Ushuum's Antique Weapon Boutique.
 22975 | Orc:2    | Found Uneuv's Magic Scroll Emporium.
 22994 | Orc:2    | Bought a scroll of identify for 26 gold pieces
 22998 | Orc:2    | Identified 2 scrolls of acquirement
 23001 | Orc:2    | Acquired a manual of Invocations
 23019 | Orc:2    | Acquired the +1 buckler "Ycwon" {-Cast Fly rElec Slay+6}
 23033 | Orc:2    | Bought 2 potions of heal wounds for 140 gold pieces
 23045 | Orc:2    | Bought a scroll of teleportation for 33 gold pieces
 23168 | Orc:2    | Found a staircase to the Elven Halls.
 23351 | Orc:2    | Reached skill level 15 in Polearms
 23411 | Elf:1    | Entered Level 1 of the Elven Halls
 25057 | Elf:2    | Found a frozen archway.
 25075 | IceCv    | Entered an ice cave
 25221 | IceCv    | Noticed a white very ugly thing
 25236 | IceCv    | Killed a white very ugly thing
 25240 | IceCv    | Reached XP level 15. HP: 52/138 MP: 22/22
 25577 | IceCv    | The Shining One protects you from harm!
 25870 | IceCv    | Found the +3 salamander hide armour {Flames rF++ rC--}
 25944 | Elf:2    | Identified the +11 dagger of Gluttony {freeze, Will+ Int+3}
 25961 | Elf:2    | Reached skill level 10 in Shields
 26003 | Elf:2    | Paralysed by an air elemental for 1 turns
 26385 | Elf:2    | Reached skill level 1 in Evocations
 26496 | Elf:2    | Found Huwiadda's Weapon Emporium.
 26512 | Elf:2    | Reached skill level 15 in Axes
 26751 | Elf:3    | Entered Level 3 of the Elven Halls
 26752 | Elf:3    | Found Eheh's Jewellery Boutique.
 26876 | Elf:3    | Noticed an orc warlord
 27138 | Elf:3    | Killed an orc warlord
 27257 | Elf:3    | Reached skill level 15 in Fighting
 27346 | Elf:3    | Found Wokkiaha's Antique Armour Boutique.
 27658 | Elf:2    | Found a runed translucent door.
 27684 | Elf:2    | Found a runed translucent door.
 27930 | Elf:2    | Noticed a deep elf blademaster
 27945 | Elf:2    | Killed a deep elf blademaster
 27955 | Elf:2    | Was placed under penance by the Shining One
 28112 | Elf:2    | Reached XP level 16. HP: 136/149 MP: 24/24
 28236 | Elf:2    | HP: 4/150 [+3 bardiche of holy wrath (5)]
 28519 | Elf:3    | HP: 4/151 [something (8)]
 28523 | Elf:3    | The Shining One protects you from harm!
 29014 | Elf:3    | Noticed a deep elf master archer
 29046 | Elf:3    | Killed a deep elf master archer
 29089 | Elf:3    | HP: 2/151 [deep elf annihilator/crystal spear (76)]
 29271 | Elf:3    | Noticed a deep elf blademaster
 29276 | Elf:3    | Killed a deep elf blademaster
 29507 | Elf:3    | Noticed a deep elf master archer
 29543 | Elf:3    | Killed a deep elf master archer
 29702 | Elf:3    | Identified the +7 scimitar of an ice cave {flame, Drain
                  | +Blink rN+ SInv}
 29758 | Elf:3    | Identified the +1 tower shield of Cowardice {rF+ rN+ MP+9}
 29758 | Elf:3    | Was forgiven by the Shining One
 30280 | Orc:2    | Bought a scroll of teleportation for 33 gold pieces
 30283 | Orc:2    | Bought a scroll of teleportation for 39 gold pieces
 30288 | Orc:2    | Bought a potion of ambrosia for 112 gold pieces
 30288 | Orc:2    | Bought a potion of curing for 42 gold pieces
 30288 | Orc:2    | Bought a potion of curing for 42 gold pieces
 30288 | Orc:2    | Bought a potion of curing for 42 gold pieces
 30597 | Swamp:1  | Entered Level 1 of the Swamp
 30794 | Swamp:1  | Reached XP level 17. HP: 154/161 MP: 27/27
 30952 | Swamp:1  | The Shining One protects you from harm!
 31461 | Swamp:2  | Reached skill level 15 in Invocations
 31818 | Swamp:3  | Found an ancient bone altar of Kikubaaqudgha.
 31932 | Swamp:4  | Entered Level 4 of the Swamp
 31961 | Swamp:4  | HP: 8/163 [swamp dragon (11)]
 31961 | Swamp:4  | The Shining One protects you from harm!
 31962 | Swamp:4  | Slain by a swamp dragon

Illustrated notes

Levels and vault maps discovered:
D:1:      amcnicky_arrival_feature_with_door, layout_basic, serial_curves,
          eino_curves_02, eino_curves_01, eino_curves_01
D:2:      layout_basic
D:3:      layout_basic, mainiacjoe_overflow_tiny_flanked,
          mainiacjoe_overflow_cross_hatched, shapermc_ecumenical_altar_petra,
          hex_tiny
D:4:      layout_loops_corners, minmay_temple_entry_glass,
          cheibrodos_sewer_entry_drain, lightli_ossuary_entry_decrepit_ruins,
          minmay_misc_feat_roman, uniq_duvessa
D:5:      layout_basic
D:6:      layout_loops_ring, nicolae_gozag_seed_capital, serial_shops,
          nicolae_shop_trees
D:7:      layout_loops_cross, nicolae_hepliaklqana_monster_ancestors,
          jmf_multi_god_temple, serial_shops, nicolae_shop_window_shopping,
          nicolae_good_shop
D:8:      layout_cave_pods, lair_entry_dummy, gammafunk_ghost_wrathful_warriors
D:9:      layout_small_grid, gammafunk_ghost_berserking_beasts, uniq_harold,
          uniq_maggie, uniq_grum
D:10:     layout_long_grid, grunt_temple_overflow_open, minmay_misc_feat_five
D:11:     layout_loops_corners
D:12:     layout_big_octagon, erik_orc_2, serial_shops, kennysheep_mini_moat,
          hellmonk_guarded_unrand_staff_of_battle
Temple:   nicolae_temple_figure_eight
Lair:1:   layout_regular_city, beast_lair_carwin_3, grunt_megastairs_4
Lair:2:   layout_regular_city, swamp_mist, bobbens_dragon_lair_wall,
          grunt_megastairs_3, lemuel_fruit_tree, infiniplex_staircase_pool,
          serial_bayou_shore_b
Lair:3:   layout_concentric_octagons, spider_nest_entry_a, lemuel_fruit_fields,
          uniq_gastronok
Lair:4:   layout_gridlike, basic_altar, grunt_megastairs_5
Lair:5:   minmay_lair_end_frog_pond, layout_misc_corridors,
          minmay_slime_entry_pillars
Swamp:1:  layout_falls_marsh, evilmike_swamp_ruin_house_2,
          nicolae_swamp_necromancer_hut
Swamp:2:  layout_basic_swamp, evilmike_swamp_ruin_house_1
Swamp:3:  layout_basic_swamp, lemuel_altar_in_water, swamp_pool3,
          grunt_witch_cave
Swamp:4:  swamp_vile, layout_basic_swamp
Orc:1:    layout_diamond_mine, serial_shops, shop, uniq_erolcha
Orc:2:    grunt_orc_tribal_feast, layout_caves, basic_altar, nooodl_orcs_dogs
Elf:1:    eino_elf_arrival_sip, layout_gridlike, minmay_elf_necromancy,
          dreamdust_mushroom_princess, hangedman_elven_pyramids
Elf:2:    nicolae_elf_blades_splatter_lattice
          [nicolae_blade_entry_splitting_headache], layout_onion_city,
          serial_shops, nicolae_shop_bloodbath_and_beyond,
          portal_ice_cave_entry_pillars_four
Elf:3:    minmay_elf_hall_dome, layout_loops_corners, special_room
          [special_room_orc], serial_shops, nicolae_shop_crystal,
          minmay_shop_star

Skill      XL: |  1  2  3  4  5  6  7  8  9 10 11 12 13 14 15 16 17 |
---------------+----------------------------------------------------+-----
Armour         | 4 5 6 7 8 10 11 12 13 14 | 14.4
Fighting       | 4 5 6 7 8 10 11 12 14 15 17 18 | 18.0
Shields        | 4 5 6 7 8 9 10 11 12 | 12.2
Axes           | 3 4 5 6 8 10 11 12 13 14 15 16 17 | 17.1
Invocations    | 2 4 6 7 8 10 11 13 14 15 | 15.5
Polearms       | 6 9 11 13 14 15 16 17 18 | 18.4
Evocations     | 1 |  1.2

Action                   |  1- 3 |  4- 6 |  7- 9 | 10-12 | 13-15 | 16-18 || total
-------------------------+-------+-------+-------+-------+-------+-------++-------
Melee: War axe           |    91 |   162 |   112 |       |       |       ||   365
       Headbutt          |    14 |    21 |    37 |   140 |   230 |    92 ||   534
       Trident           |       |       |   103 |   581 |  1042 |   373 ||  2099
Invok: Divine Shield     |       |       |       |     1 |     1 |       ||     2
       Cleansing Flame   |       |       |       |       |     1 |     2 ||     3
       Summon Divine War |       |       |       |       |     1 |       ||     1
Evoke: Wand              |       |       |       |       |     2 |     1 ||     3
  Use: Potion            |       |     1 |       |     1 |    11 |     9 ||    22
       Scroll            |       |       |    10 |     7 |    11 |     5 ||    33
Armor: Scale mail        |    52 |    18 |       |       |   141 |       ||   211
       Chain mail        |       |    74 |       |       |       |       ||    74
       Plate armour      |       |     8 |   108 |   221 |    18 |       ||   355
       Leather armour    |       |       |       |       |    37 |    79 ||   116
Dodge: Dodged            |    53 |    52 |    49 |   127 |   178 |    89 ||   548
Block: Buckler           |    16 |    31 |    34 |   103 |   182 |    68 ||   434
